 Dungeon Crawl Stone Soup version 0.27-a0-869-g165b36e3f0 (webtiles) character file.

Game seed: 6843061043911652708

56 spiderkeys the Insei (level 3, -2/17 HPs)
             Began as a Vine Stalker Transmuter on Apr 3, 2021.
             Slain by an adder (3 damage)
             ... on level 2 of the Dungeon.
             The game lasted 00:01:36 (1486 turns).

spiderkeys the Insei (Vine Stalker Transmuter)      Turns: 1486, Time: 00:01:36

Health: -2/17      AC:  2    Str: 12    XL:     3   Next: 97%
Magic:  0/7        EV: 12    Int: 13    God:
Gold:   44         SH:  0    Dex: 15    Spells: 6/7 levels left

rFire    . . .     SeeInvis .   d - +2 dagger (venom)
rCold    . . .     Faith    .   (no shield)
rNeg     . . .     Spirit   +   a - +0 robe
rPois    .         Reflect  .   (helmet currently unavailable)
rElec    .         Harm     .   (no cloak)
rCorr    .         Rampage  .   (no gloves)
Will     .....                  (boots currently unavailable)
Stlth    ++........             (no amulet)
HPRegen  0.05/turn              (no ring)
MPRegen  0.10/turn              (no ring)

@: appendages (expiring)
A: horns 2, talons 2, fangs 2, magic shield, antimagic bite, no potion heal 2
a: End Transformation


You were on level 2 of the Dungeon.
You had temporarily grown beastly horns and talons.
You visited 1 branch of the dungeon, and saw 2 of its levels.

You collected 44 gold pieces.

Inventory:

Hand Weapons
 d - a +2 dagger of venom (weapon)
Armour
 a - a +0 robe (worn)
Scrolls
 c - 2 scrolls of identify {unknown}
Potions
 b - a potion of haste {unknown}
 e - a potion of attraction {unknown}


   Skills:
 - Level 0.8 Fighting
 + Level 1.9 Dodging
 * Level 2.3 Stealth
 + Level 3.2 Unarmed Combat
 + Level 2.5 Spellcasting
 * Level 2.8 Transmutations


You had 6 spell levels left.
You knew the following spells:

 Your Spells              Type           Power      Damage    Failure   Level
a - Beastly Appendage     Tmut           18%        N/A       8%          1

Your spell library contained the following spells:

 Spells                   Type           Power      Damage    Failure   Level
 Wereblood                Tmut           9%         N/A       12%         2
 Spider Form              Tmut/Pois      2%         N/A       38%         3
 Ice Form                 Ice/Tmut       5%         N/A       80%         4
 Hydra Form               Tmut           4%         N/A       91%         5


Dungeon Overview and Level Annotations

Branches:
Dungeon (2/15)

Altars:


Innate Abilities, Weirdness & Mutations

You have temporarily grown beastly horns and talons.
You have extremely sharp teeth.
When hurt, damage is shared between your health and your magic reserves.
Your bite disrupts and absorbs the magic of your enemies.
Potions cannot restore your health.


Message History

You grow a pair of large bovine horns.
Your feet morph into talons.
A frilled lizard comes into view.
The gnoll hits you with a +2 club.
The frilled lizard hisses angrily.
You hit the gnoll but do no damage.
The gnoll is poisoned.
You headbutt the gnoll. You bite the gnoll, but do no damage.
The gnoll is moderately wounded.
The gnoll hits you with a +2 club.
You hit the gnoll.
The gnoll looks as sick as possible!
You bite the gnoll. You drain its power.
You feel invigorated.
The gnoll is heavily wounded.
Your magical contamination has completely faded away.
You hit the gnoll.
The gnoll is poisoned.
You claw the gnoll. Your headbutt misses the gnoll. You bite the gnoll.
You drain its power.
You feel invigorated.
The gnoll is severely wounded.
You hit the gnoll.
The gnoll looks as sick as possible!
You headbutt the gnoll.
You kill the gnoll!
Your Stealth skill increases to level 2!
You kill the gnoll!
Your transformation is almost over.
You barely miss the gnoll. Your headbutt misses the gnoll.
Your bite misses the gnoll. The gnoll closely misses you.
You hit the gnoll.
The gnoll is poisoned.
Your bite misses the gnoll.
The gnoll is moderately wounded.
The gnoll closely misses you.
You hit the gnoll.
The gnoll looks as sick as possible!
You claw the gnoll.
The gnoll is almost dead.
You kill the gnoll!
You barely miss the adder. Your bite misses the adder. The adder misses you.
The adder barely misses you.
You hit the adder. Your bite misses the adder.
The adder is lightly wounded.
The adder misses you.
The gnoll hits you from afar with a +1 halberd!
Ouch! That really hurt!
* * * LOW HITPOINT WARNING * * *
The adder barely misses you. The adder bites you.
You die...

#.#### #.......# #.##
†....# #..###.## ##
#)##.# #..# #[# #.##.#
#(.# #.# #.##.# #..#
#.# #.##.# #..# #.#
#.##.#####..###.# #
#...............#####.#
.....#####....l†@.....#
###### #..#####S....##
#..####.......#
##...#...g......#
#....#.#.[......#
#....#)##.....#.#
#...#...##....# .
#....###....#.# #...##
#...#...


You could see a gnoll, an adder and a frilled lizard.

Vanquished Creatures
  3 gnolls (D:2)
  An endoplasm (D:2)
  3 giant cockroaches
  2 goblins
  2 hobgoblins (D:1)
  5 jackals
  4 kobolds
  2 quokkas (D:1)
  3 rats
25 creatures vanquished.

Notes
Turn   | Place    | Note
-------+----------+-------------------------------------------
     0 | D:1      | spiderkeys the Vine Stalker Transmuter began the quest for
                  | the Orb.
     0 | D:1      | Reached XP level 1. HP: 9/9 MP: 4/4
   181 | D:1      | Reached skill level 1 in Stealth
   181 | D:1      | Reached XP level 2. HP: 14/14 MP: 4/6
  1300 | D:2      | Reached XP level 3. HP: 11/17 MP: 3/7
  1486 | D:2      | Slain by an adder

Illustrated notes

Levels and vault maps discovered:
D:1:      minmay_arrival_wavy_path, layout_basic
D:2:      layout_loops_ring, basic_ecumenical_altar, minmay_cut_off,
          uniq_crazy_yiuf_cottage

Skill      XL: |  1  2  3 |
---------------+----------+-----
Stealth        | 1 2 |  2.3
Fighting       | |  0.8
Dodging        | |  1.9
Unarmed Combat | |  3.2
Spellcasting   | |  2.5
Transmutations | |  2.8

Action                   || total
-------------------------++-------
Melee: Unarmed           ||    33
       Headbutt          ||     9
       Bite              ||    11
       Dagger            ||    30
       Kick              ||     8
 Cast: Beastly Appendage ||    15
 Stab: Sleeping          ||     1
Armor: Robe              ||    17
Dodge: Dodged            ||    40

Table legend: (Time is in decaauts)
 A = Elapsed time spent in this place.
 B = Non-inter-level travel time spent in this place.
 C = Inter-level travel time spent in this place.
 D = Time resting spent in this place.
 E = Time spent auto-exploring this place.
 F = Levels seen in this place.
 G = Mean time per level.
                   A        B        C        D        E       F      G
               +--------+--------+--------+--------+--------+-----+--------+
         Total |   1483 |   1393 |     90 |      0 |   1231 |   2 |  741.5 |
       Dungeon |   1483 |   1393 |     90 |      0 |   1231 |   2 |  741.5 |
               +--------+--------+--------+--------+--------+-----+--------+

Top non-repeatable levels by time:
     D:1: 1160 daAuts
     D:2: 322 daAuts
